 Dungeon Crawl Stone Soup version 0.27.0-1-g7a089689b8 (webtiles) character file.

Game seed: 11056354205171098074

191 freelancePsychic the Skirmisher (level 6, 0/46 HPs)
             Began as a Djinni Artificer on Aug 14, 2021.
             Was a Believer of Elyvilon.
             Killed by nerve-wracking pain
             ... invoked by an orc priest
              (5 damage)
             ... on level 4 of the Dungeon.
             The game lasted 00:05:56 (3922 turns).

freelancePsychic the Skirmisher (Djinni Artificer)  Turns: 3922, Time: 00:05:57

Health: 0/46       AC: 13    Str: 11    XL:     6   Next: 1%
Gold:   121        EV: 10    Int: 15    God:    Elyvilon [**....] SH:  0 Dex: 13

rFire    + + .     SeeInvis .   k - +1 great sword (protect)
rCold    x . .     Faith    .   (shield currently unavailable)
rNeg     . . .     Spirit   .   p - +0 ring mail
rPois    ∞         Reflect  .   (no helmet)
rElec    .         Harm     .   n - +0 cloak
rCorr    .         Rampage  .   (no gloves)
Will     .....                  (boots unavailable)
Stlth    +.........             (no amulet)
HPRegen  0.15/turn              (no ring)
MPRegen  0.00/turn              (no ring)

@: under a protective aura, flying
A: sickness immunity, fire resistance 2, cold vulnerability 1, float, innate
caster, hp casting, extra vitality 1
a: Renounce Religion, Lesser Healing, Heal Other, Divine Protection


You were on level 4 of the Dungeon.
You worshipped Elyvilon.
Elyvilon was pleased with you.
You visited 1 branch of the dungeon, and saw 4 of its levels.

You collected 121 gold pieces.

Inventory:

Hand Weapons
 a - a +0 club
 k - a +1 great sword of protection (weapon)
Armour
 b - a +0 leather armour
 n - a +0 cloak (worn)
 p - a +0 ring mail (worn)
 t - a +0 scale mail
Wands
 c - a wand of flame (3) (quivered)
 d - a wand of charming (15)
 o - a wand of paralysis (8)
Scrolls
 f - a scroll of magic mapping {unknown}
 h - a scroll of vulnerability {unknown}
 i - a scroll of noise
 l - a scroll of amnesia {unknown}
 m - a scroll of immolation {unknown}
 s - a scroll of identify {@r1}
Potions
 g - a potion of heal wounds {unknown}
 j - a potion of degeneration {unknown}
 q - a potion of mutation {unknown}
 r - a potion of cancellation {unknown}
Miscellaneous
 e - a piece from Xom's chessboard (15/15)


   Skills:
 + Level 3.6 Fighting
 + Level 2.0 Long Blades
 - Level 1.0 Armour
 - Level 2.1 Dodging
 - Level 0.7 Stealth
 - Level 1.6 Unarmed Combat
 + Level 1.4 Spellcasting
 - Level 3.0 Evocations


You had 4 spell levels left.
You knew the following spells:

 Your Spells              Type           Power      Damage    Failure   Level
a - Animate Skeleton      Necr           10%        N/A       30%         1
b - Wereblood             Tmut           5%         N/A       41%         2
Your spell library was empty.

Dungeon Overview and Level Annotations

Branches:
Dungeon (4/15)
 Temple: D:4-7

Altars:
Elyvilon
Ru

Shops:
D:1 [

Annotations:
D:3 Sigmund


Innate Abilities, Weirdness & Mutations

You are immune to sickness and miasma.
You are immune to poison.
Your flesh is very heat resistant. (rF++)
You are vulnerable to cold. (rC-)
You float through the air rather than walking.
You learn spells naturally, not from books.
Your magical power is your life essence.
You have superior vitality. (+4 HP)


Message History

You miss something.
An orc wizard appears from thin air!
Reactivating autopickup.
The orc wizard closely misses you.
You slash the orc wizard!
Your weapon exudes an aura of protection.
The orc wizard is almost dead.
The orc wizard hits you but does no damage.
The orc wizard barely misses you.
Press: ? - help, Dir - move target, f - orc wizard Heal: an orc wizard, wielding a +0 dagger and wearing a +0 robe (almost dead, uninterested)
You are healed.
The orc wizard hits you but does no damage.
You miss the orc wizard.
The orc wizard is almost dead.
The orc priest calls upon Beogh to heal the orc wizard.
The orc wizard is healed somewhat.
The orc wizard hits you but does no damage. x2
You closely miss the orc wizard.
The orc wizard is heavily wounded.
The orc wizard hits you but does no damage.
You hit the orc wizard.
Your weapon exudes an aura of protection.
The orc wizard is almost dead.
The orc priest mumbles some strange prayers to Beogh against you.
Beogh smites you!
* * * LOW HITPOINT WARNING * * *
The orc wizard hits you but does no damage. x2
You hit the orc wizard.
You kill the orc wizard!
Your Long Blades skill increases to level 2!
You have reached level 6!
Your experience leads to an increase in your attributes!
Increase (S)trength, (I)ntelligence, or (D)exterity?
You feel clever.
You closely miss the orc priest.
The orc priest hits you with a +0 falchion.
* * * LOW HITPOINT WARNING * * *
The orc priest calls down the wrath of Beogh upon you.
Pain shoots through your body!
You die...

..o.S..# #o..8..##
#.#.....## #.8......#
#........# #8.....8#
#.....# ##o.8# #@####
#####.#######
#...........#
#...........#
#...........##
#...[........#
#............#
#########....8......##
####...................##


You could see an orc priest.

Vanquished Creatures
  Ijyb (D:3)
  Terence (D:3)
  An orc wizard (D:4)
  4 adders
  2 worms
  4 dart slugs
  An orc (D:4)
  5 endoplasms
  2 giant cockroaches (D:1)
  6 goblins
  8 hobgoblins
  4 jackals (D:2)
  6 kobolds
  4 quokkas
  4 ball pythons
  2 bats
  A frilled lizard (D:1)
  9 rats
65 creatures vanquished.

Notes
Turn   | Place    | Note
-------+----------+-------------------------------------------
     0 | D:1      | freelancePsychic the Djinni Artificer began the quest for
                  | the Orb.
     0 | D:1      | Reached XP level 1. HP: 17/17 MP: 0/0
    92 | D:1      | Reached XP level 2. HP: 9/22 MP: 0/0
   330 | D:1      | Found Vofib's Armour Boutique.
   789 | D:1      | Reached XP level 3. HP: 28/28 MP: 0/0
   789 | D:1      | Learned a level 1 spell: Animate Skeleton
   984 | D:1      | Found a faded altar of an unknown god.
  1044 | D:1      | Became a worshipper of Elyvilon the Healer
  1044 | D:1      | Reached * piety under Elyvilon
  1216 | D:1      | Reached skill level 1 in Unarmed Combat
  2137 | D:2      | Reached XP level 4. HP: 13/34 MP: 0/0
  2718 | D:2      | Reached ** piety under Elyvilon
  2811 | D:2      | Reached skill level 1 in Long Blades
  2939 | D:2      | Found a sacrificial altar of Ru.
  3131 | D:3      | Reached XP level 5. HP: 40/40 MP: 0/0
  3131 | D:3      | Learned a level 2 spell: Wereblood
  3213 | D:3      | Noticed Terence
  3219 | D:3      | Killed Terence
  3220 | D:3      | Reached skill level 1 in Spellcasting
  3268 | D:3      | Noticed Ijyb
  3285 | D:3      | Paralysed by Ijyb for 7 turns
  3298 | D:3      | Killed Ijyb
  3444 | D:3      | Noticed Sigmund
  3922 | D:4      | Reached XP level 6. HP: 10/46 MP: 0/0
  3922 | D:4      | Killed from afar by an orc priest

Illustrated notes

Levels and vault maps discovered:
D:1:      sevenhm_arrival_forest_fort_large_4, layout_loops_cross,
          hellmonk_ecumenical_altar_crossroads, serial_shops, shop,
          st_stairs_13, minivault_27, minmay_misc_feat_enclosed,
          minmay_hedge_maze
D:2:      layout_basic, basic_altar
D:3:      layout_rooms, uniq_sigmund, uniq_ijyb, uniq_terence
D:4:      layout_cave_pods, grunt_temple_overflow_holy_war, serial_column_ruins,
          column_ruins_hut_pillars, column_ruins_circle_small,
          column_ruins_grid_3, column_ruins_columns_dead_end,
          column_ruins_columns_dead_end, column_ruins_open_tiny,
          column_ruins_open_small, column_ruins_corridor_dead_end,
          column_ruins_corridor_plus, uniq_duvessa, uniq_blork_the_orc

Skill      XL: |  1  2  3  4  5 |
---------------+----------------+-----
Fighting       | 2 3 |  3.6
Unarmed Combat | 1 |  1.6
Long Blades    | 1 2 |  2.0
Spellcasting   | 1 |  1.4
Armour         | |  1.0
Dodging        | |  2.1
Stealth        | |  0.7
Evocations     | |  3.0

Action                   |  1- 3 |  4- 6 || total
-------------------------+-------+-------++-------
Melee: Club              |    35 |       ||    35
       Short sword       |    77 |     3 ||    80
       Great sword       |       |   102 ||   102
Invok: Lesser Healing    |       |     2 ||     2
Evoke: Wand              |     9 |     3 ||    12
  Use: Scroll            |       |     3 ||     3
Armor: Leather armour    |    42 |    43 ||    85
       Ring mail         |       |    28 ||    28
Dodge: Dodged            |    79 |    85 ||   164
       Rpst.: Great sword |       |    23 ||    23
